 Dungeon Crawl Stone Soup version 0.27.1-4-g1640c2035a (webtiles) character file.

Game seed: 3771751706620890803

17377 Stomo444 the Soothsayer (level 12, -5/93 HPs)
             Began as a Demonspawn Gladiator on Nov 16, 2021.
             Was a Priest of Nemelex Xobeh.
             Killed from afar by an orc sorcerer (20 damage)
             ... with a bolt of fire
             ... on level 2 of the Orcish Mines.
             The game lasted 00:46:18 (15567 turns).

Stomo444 the Soothsayer (Demonspawn Gladiator)     Turns: 15567, Time: 00:46:22

Health: -5/93      AC: 21    Str: 19    XL:     12   Next: 18%
Magic:  32/32      EV: 17    Int:  6    God:    Nemelex Xobeh [***...]
Gold:   423        SH:  5    Dex: 20    Spells: 11/11 levels left

rFire    . . .     SeeInvis +   Y - +6 flail "Derch" {flame, Will+ rCorr}
rCold    . . .     Faith    .   (no shield)
rNeg     . . .     Spirit   .   P - +6 scale mail of Vehumet's Grace {rElec MP+9 Int-5 SInv}
rPois    .         Reflect  +   c - +1 helmet
rElec    +         Harm     .   X - +2 cloak {Will+}
rCorr    +         Rampage  .   (no gloves)
Will     ++...                  D - +1 pair of boots
Stlth    ..........             i - amulet of reflection
HPRegen  0.25/turn              p - +6 ring of dexterity
MPRegen  0.23/turn              H - +4 ring of slaying

@: no status effects
A: hooves 2, repulsion field 2, spiny 2
a: Renounce Religion, Draw Escape, Draw Destruction, Draw Summoning, Triple Draw


You were on level 2 of the Orcish Mines.
You worshipped Nemelex Xobeh.
Nemelex Xobeh was most pleased with you.
You visited 2 branches of the dungeon, and saw 13 of its levels.

You collected 1186 gold pieces.
You spent 763 gold pieces at shops.

Inventory:

Hand Weapons
 a - a +0 flail
 g - a +1 flail of protection
 l - a +2 mace of draining
 A - a +2 whip of venom
 Q - a +1 dire flail of protection
 U - a +0 dire flail
 V - a +0 shortbow
 Y - the +6 flail "Derch" (weapon) {flame, Will+ rCorr}
   (You bought it in a shop on level 2 of the Orcish Mines)

   It burns those it strikes, dealing additional fire damage.
   rCorr:     It protects you from acid and corrosion.
   Will:      It increases your willpower.
Missiles
 L - 6 silver boomerangs
 W - 9 arrows
 Z - a throwing net (quivered)
Armour
 b - a +0 leather armour
 c - a +1 helmet (worn)
 k - a +0 plate armour
 o - a +0 ring mail
 r - a +3 leather armour
 v - a +0 scale mail
 D - a +1 pair of boots (worn)
 F - a +0 troll leather armour
 G - +0 steam dragon scales
 N - +0 acid dragon scales
 P - the +6 scale mail of Vehumet's Grace (worn) {rElec MP+9 Int-5 SInv}
   (You found it on level 10 of the Dungeon)

   Int:       It affects your intelligence (-5).
   rElec:     It insulates you from electricity.
   MP:        It affects your magic capacity (+9).
   SInv:      It lets you see invisible.
 T - a +2 troll leather armour {Snorg}
 X - a +2 cloak of willpower (worn)
Jewellery
 i - an amulet of reflection (around neck)
 m - a ring of positive energy
 p - a +6 ring of dexterity (left hand)
 y - a ring of wizardry
 H - a +4 ring of slaying (right hand)
Wands
 h - a wand of paralysis (17)
 q - a wand of charming (6)
 s - a wand of acid (28)
 u - a wand of flame (30)
 w - a wand of polymorph (13)
Scrolls
 d - 2 scrolls of teleportation
 z - 3 scrolls of amnesia
 B - a scroll of identify
 R - a scroll of blinking
 S - a scroll of silence {unknown}
Potions
 e - 2 potions of flight
 f - a potion of degeneration
 j - 2 potions of brilliance
 n - a potion of resistance {unknown}
 t - 5 potions of heal wounds
 x - 3 potions of curing {unknown}
 C - a potion of lignification {unknown}
 I - a potion of magic
 J - 2 potions of mutation
 K - 2 potions of might
 O - a potion of attraction {unknown}
Miscellaneous
 M - a phantom mirror


   Skills:
 + Level 8.3 Fighting
 + Level 7.8 Maces & Flails
 - Level 1.7 Throwing
 + Level 7.2 Armour
 + Level 7.8 Dodging
 + Level 15.2 Invocations


You had 11 spell levels left.
You didn't know any spells.
Your spell library contained the following spells:

 Spells                   Type           Power      Damage    Failure   Level
 Magic Dart               Conj           0%         1d3       78%         1
 Searing Ray              Conj           0%         3d3       89%         2
 Gell's Gravitas          Tloc           0%         N/A       98%         3
 Lesser Beckoning         Tloc           0%         N/A       98%         3
 Stone Arrow              Conj/Erth      0%         3d7       98%         3
 Teleport Other           Tloc           0%         N/A       98%         3
 Tukima's Dance           Hex            0%         N/A       98%         3
 Animate Dead             Necr           0%         N/A       100%        4
 Fulminant Prism          Conj/Hex       0%         3d6       100%        4
 Passage of Golubria      Tloc           N/A        N/A       100%        4
 Petrify                  Tmut/Erth      0%         N/A       100%        4
 Bolt of Magma            Conj/Fire/Erth 0%         4d4       100%        5
 Borgnjor's Vile Clutch   Necr/Erth      0%         N/A       100%        5
 Metabolic Englaciation   Hex/Ice        0%         N/A       100%        5
 Yara's Violent Unravell  Hex/Tmut       0%         3d3       100%        5
 Death Channel            Necr           0%         N/A       100%        6
 Statue Form              Tmut/Erth      0%         N/A       100%        6
 Shatter                  Erth           0%         3d5*      100%        9


Dungeon Overview and Level Annotations

Branches:
Dungeon (11/15)            Temple (0/1) D:7            Lair (0/6) D:9
    Orc (2/2) D:10            Elf (0/3) Orc:2

Altars:
Elyvilon
Fedhas
Gozag
Hepliaklqana
Kikubaaqudgha
Nemelex Xobeh
Qazlal
Ru
Trog
Vehumet
Wu Jian
Xom
Yredelemnul
The Shining One

Shops:
D:3 [   D:5 :   D:6 =   Orc:2 :?*

Annotations:
D:4 3 runed translucent doors, mrw3rdna's ghost, amateur GnWn
D:8 2 transporters, astroknot's ghost, novice DrHu
D:9 2 transporters, unlimited1921's ghost, novice TrFi
D:11 1 runed translucent door


Innate Abilities, Weirdness & Mutations

You have hoof-like feet.
You are surrounded by a moderate repulsion field. (EV +3)
You are mostly covered in sharp spines.


Message History

You sock the ice devil! You burn the ice devil.
The ice devil is almost dead.
Your +1 long sword of freezing hits the ice devil!
The ice devil dies!
An orc sorcerer comes into view. It is wielding a +0 dagger.
The orc sorcerer casts a spell.
Unknown command.
Unknown command.
Okay, then.
As you read the scroll of fog, it crumbles to dust.
The scroll dissolves into smoke.
Okay, then.
You draw a card...
You have drawn the Cloud.
Nothing appears to happen.
The sixfirhy hits you but does no damage.
Your +1 long sword of freezing barely misses the sixfirhy.
The sixfirhy is struck by your spines. The sixfirhy misses you.
Your +1 long sword of freezing closely misses the sixfirhy.
Unknown command.
The sixfirhy is struck by your spines. The sixfirhy barely misses you.
The sixfirhy hits you but does no damage.
The sixfirhy is struck by your spines.
The sixfirhy hits you but does no damage.
Your +1 long sword of freezing hits the sixfirhy!
Your +1 long sword of freezing freezes the sixfirhy.
Your +1 long sword of freezing hits the sixfirhy!
Your +1 long sword of freezing freezes the sixfirhy.
The sixfirhy dies!
An orc knight is nearby!
Unknown command.
You see here a +0 flail.
The orc knight roars a battlecry!
The orc sorcerer goes into a battle-frenzy!
Okay, then.
The orc knight roars a battlecry!
The orc sorcerer gestures at you while chanting.
The bolt of fire hits your +1 long sword of freezing.
Your +1 long sword of freezing resists.
The bolt of fire hits you!!
You die...
Your body glows slightly and disappears.

..#.....## .#.# ##§#§###
.........###...# ##§§§###.
.......)..###...## ##§§§###..
......[##..###...## ##§§§###..#
.......###..###...## ##..§###[.##
........###[.###...###..§###.)###
.........###).##....#o...##[.###.
..........###).#.#)..o.#.#[)###).
...........###.)@(.......).###...
............###[..#.#.#..[###....
.............###....)....###.....
..............###..#)#..###.)....
.............#.###.....####).....
[.....[.........###∩.∩###........
.......)[......#####.## #.#......
.......))[.......#########.......
.##.....<....#....####.#.........


You could see an orc knight, an orc sorcerer (strong, ally target) and a
friendly +1 long sword of freezing (summoned).

Vanquished Creatures
  Snorg (Orc:2)
  An ettin (Orc:2)
  A hydra (D:6)
  A two-headed ogre (D:9)
  A sun demon (Orc:2)
  An orc knight (Orc:2)
  A cyclops (D:11)
  An orc sorcerer (Orc:1)
  Maurice (D:8)
  A hellwing (Orc:2)
  7 trolls
  Prince Ribbit (D:7)
  A wyvern (D:7)
  A vampire (D:11)
  4 yaks (D:8)
  A steam dragon (D:8)
  Grum (D:10)
  3 vampire mosquitoes (D:11)
  3 wargs
  An acid dragon (D:10)
  A water moccasin (D:7)
  25 orc warriors
  2 black bears
  A necrophage (D:6)
  11 ogres
  4 centaurs
  A boggart (D:11)
  3 wolves
  2 phantoms (D:5)
  A kobold brigand (D:7)
  3 bullfrogs
  2 gnoll sergeants
  A water moccasin zombie (D:6)
  2 scorpions (D:5)
  A water moccasin skeleton (D:4)
  9 killer bees (D:9)
  4 howler monkeys (D:9)
  4 centaur zombies
  A bullfrog skeleton (D:4)
  4 hounds
  A jelly (D:8)
  A gnoll shaman (D:7)
  20 orc priests
  Ijyb (D:3)
  7 orc wizards
  2 iguanas (D:5)
  A killer bee zombie (D:8)
  A hound skeleton (D:4)
  A howler monkey zombie (D:10)
  19 gnolls
  8 adders
  A shadow imp (D:5)
  A white imp (D:6)
  2 worms
  3 dart slugs
  69 orcs
  6 bats
  3 endoplasms
  10 giant cockroaches
  8 hobgoblins
  11 jackals
  10 kobolds
  4 quokkas
  6 ball pythons
  6 frilled lizards
  10 goblins
  13 rats
340 creatures vanquished.

Vanquished Creatures (collateral kills)
  The ghost of OhItsWolfy the Carver, a journeyman HOFi of Okawaru (D:11)
  An orange demon (Orc:2)
  An ice devil (Orc:2)
  An orc priest (Orc:2)
4 creatures vanquished.

Vanquished Creatures (others)
  An orc wizard (D:10)
  An adder (D:6)
2 creatures vanquished.

Grand Total: 346 creatures vanquished

Notes
Turn   | Place    | Note
-------+----------+-------------------------------------------
     0 | D:1      | Stomo444 the Demonspawn Gladiator began the quest for the
                  | Orb.
     0 | D:1      | Reached XP level 1. HP: 16/16 MP: 1/1
    33 | D:1      | Gained mutation: You are surrounded by a mild repulsion
                  | field. (EV +2) [demonic ancestry]
    33 | D:1      | Reached XP level 2. HP: 6/22 MP: 2/2
   478 | D:1      | Reached skill level 1 in Armour
   481 | D:1      | Gained mutation: You are partially covered in sharp spines.
                  | [demonic ancestry]
   481 | D:1      | Reached XP level 3. HP: 9/28 MP: 3/3
  1776 | D:2      | Reached XP level 4. HP: 32/34 MP: 4/4
  2813 | D:3      | Reached XP level 5. HP: 41/41 MP: 5/5
  2904 | D:3      | Noticed Ijyb
  2924 | D:3      | Killed Ijyb
  3269 | D:3      | Found Yqidet's Armour Shop.
  3924 | D:4      | Noticed a black bear
  3952 | D:5      | Entered Level 5 of the Dungeon
  3959 | D:5      | Noticed a phantom
  3961 | D:5      | Noticed a phantom
  3975 | D:5      | Killed a phantom
  3976 | D:5      | Gained mutation: You are mostly covered in sharp spines.
                  | [demonic ancestry]
  3976 | D:5      | Reached XP level 6. HP: 25/48 MP: 6/6
  4542 | D:5      | Reached XP level 7. HP: 49/54 MP: 7/7
  4581 | D:5      | Found Qonkuasse's Book Emporium.
  4694 | D:4      | Found a runed translucent gate.
  4694 | D:4      | Found a runed translucent gate.
  4694 | D:4      | Found a runed translucent gate.
  4878 | D:4      | Found an opulent altar of Gozag.
  4880 | D:4      | Noticed mrw3rdna's ghost (amateur GnWn)
  4880 | D:4      | Noticed a two-headed ogre
  5881 | D:5      | Reached skill level 5 in Fighting
  5881 | D:5      | Reached skill level 5 in Maces & Flails
  5881 | D:5      | Gained mutation: You are surrounded by a moderate repulsion
                  | field. (EV +3) [demonic ancestry]
  5881 | D:5      | Reached XP level 8. HP: 62/62 MP: 8/8
  5896 | D:5      | Reached skill level 5 in Dodging
  6214 | D:5      | Found a sparkling altar of Nemelex Xobeh.
  6261 | D:5      | Became a worshipper of Nemelex Xobeh the Trickster
  6465 | D:6      | Reached skill level 1 in Invocations
  6481 | D:6      | Reached skill level 3 in Invocations
  6704 | D:6      | Found a radiant altar of Vehumet.
  6735 | D:6      | Reached skill level 4 in Invocations
  6752 | D:6      | Noticed a six-headed hydra
  6893 | D:6      | Found Nuan's Jewellery Boutique.
  7224 | D:6      | Reached skill level 5 in Invocations
  7267 | D:6      | Killed a six-headed hydra
  7268 | D:6      | Reached skill level 5 in Armour
  7268 | D:6      | Gained mutation: You have large cloven feet. [demonic
                  | ancestry]
  7268 | D:6      | Reached XP level 9. HP: 64/69 MP: 13/13
  7845 | D:7      | Noticed Prince Ribbit
  8091 | D:7      | Found an ancient bone altar of Kikubaaqudgha.
  8209 | D:7      | Reached * piety under Nemelex Xobeh
  8337 | D:7      | Received a gift from Nemelex Xobeh
  8380 | D:7      | Killed Prince Ribbit
  8487 | D:7      | Found a staircase to the Ecumenical Temple.
  8801 | D:8      | Reached XP level 10. HP: 54/79 MP: 14/14
  8968 | D:8      | Found a flagged portal.
  9172 | D:8      | Found a transporter.
  9175 | D:8      | Found a transporter.
  9186 | D:8      | Noticed astroknot's ghost (novice DrHu)
  9250 | D:8      | Found a blossoming altar of Fedhas.
  9260 | D:8      | Noticed Maurice
  9261 | D:8      | Noticed a two-headed ogre
  9284 | D:7      | Found a bloodstained altar of Trog.
  9449 | D:8      | Killed Maurice
  9450 | D:8      | Reached skill level 6 in Invocations
  9515 | D:8      | Reached skill level 7 in Invocations
  9525 | D:8      | Reached skill level 8 in Invocations
  9712 | D:9      | Found a transporter.
  9714 | D:9      | Noticed a tengu warrior
  9714 | D:9      | Noticed a two-headed ogre
  9716 | D:9      | Found a bloodstained altar of Trog.
  9716 | D:9      | Noticed a moth of wrath
  9725 | D:9      | Noticed unlimited1921's ghost (novice TrFi)
  9732 | D:9      | Found a transporter.
  9764 | D:9      | Noticed a two-headed ogre
  9768 | D:9      | Noticed an orc knight
  9946 | D:9      | Found an ornate altar of the Wu Jian Council.
  9948 | D:9      | Found a basalt altar of Yredelemnul.
  9948 | D:9      | Found a hazy altar of Hepliaklqana.
  9952 | D:9      | Reached ** piety under Nemelex Xobeh
  9955 | D:9      | Found a sacrificial altar of Ru.
  9957 | D:9      | Found a stormy altar of Qazlal.
  9993 | D:9      | Received a gift from Nemelex Xobeh
 10022 | D:9      | Reached skill level 9 in Invocations
 10032 | D:9      | Noticed a two-headed ogre
 10045 | D:9      | Killed a two-headed ogre
 10046 | D:9      | Reached skill level 10 in Invocations
 10114 | D:9      | Reached skill level 11 in Invocations
 10328 | D:9      | Found a staircase to the Lair.
 10463 | D:10     | Entered Level 10 of the Dungeon
 10554 | D:10     | Found a shimmering altar of Xom.
 10651 | D:10     | Received a gift from Nemelex Xobeh
 10691 | D:10     | Reached *** piety under Nemelex Xobeh
 10707 | D:10     | Noticed Grum
 10718 | D:10     | Killed Grum
 10719 | D:10     | Reached skill level 12 in Invocations
 10725 | D:10     | Identified the +6 scale mail of Vehumet's Grace {rElec MP+9
                  | Int-5 SInv}
 10918 | D:10     | Found a staircase to the Orcish Mines.
 10937 | D:10     | Reached XP level 11. HP: 63/84 MP: 20/20
 11457 | D:11     | Found a runed translucent door.
 11552 | D:11     | Reached skill level 13 in Invocations
 11732 | D:11     | Received a gift from Nemelex Xobeh
 11853 | D:11     | Found a large runed translucent door.
 11853 | D:11     | Found a large runed translucent door.
 11854 | D:11     | Noticed OhItsWolfy's ghost (journeyman HOFi)
 12519 | D:11     | Killed OhItsWolfy's ghost
 12520 | D:11     | Reached skill level 14 in Invocations
 12823 | Orc:1    | Entered Level 1 of the Orcish Mines
 13069 | Orc:1    | Noticed an orc sorcerer
 13083 | Orc:1    | Killed an orc sorcerer
 13329 | Orc:2    | Entered Level 2 of the Orcish Mines
 13329 | Orc:2    | Noticed Snorg
 13342 | Orc:2    | Killed Snorg
 13343 | Orc:2    | Reached skill level 15 in Invocations
 13509 | Orc:2    | Found a staircase to the Elven Halls.
 13521 | Orc:2    | Noticed an ettin
 13528 | Orc:2    | Killed an ettin
 13673 | Orc:2    | Found Larergh's Magic Scroll Boutique.
 14229 | Orc:2    | Received a gift from Nemelex Xobeh
 14495 | Orc:2    | Noticed an orc knight
 14513 | Orc:2    | Gained mutation: You have hoof-like feet. [demonic
                  | ancestry]
 14513 | Orc:2    | Reached XP level 12. HP: 34/92 MP: 23/23
 14516 | Orc:2    | Found Zeocufui's General Store.
 14862 | Orc:2    | Found Rilydanu's Self-Improvement Boutique.
 15461 | Orc:2    | Bought the +6 flail "Derch" {flame, Will+ rCorr} for 763
                  | gold pieces
 15567 | Orc:2    | Killed from afar by an orc sorcerer

Illustrated notes

Levels and vault maps discovered:
D:1:      beargit_arrival_greenhouse, layout_loops_ring
D:2:      layout_loops_ring
D:3:      layout_loops_ring, serial_shops, shop, small_statue_intersection,
          minmay_puff, uniq_ijyb
D:4:      layout_layer_cave, ebering_ghost_gozag
D:5:      layout_basic, nemelex_spade_bored_becter, serial_shops, shop,
          minmay_door_square
D:6:      layout_basic, fiery_altar_vehumet, serial_glass, glass_columns_c,
          glass_columns_b, serial_shops, kennysheep_mini
D:7:      layout_rooms, nicolae_overflow_hidden_temple,
          overflow_temple_1_default, minmay_temple_entry_proselytizer,
          uniq_prince_ribbit1
D:8:      layout_basic, nicolae_overflow_crystal_walls, gammafunk_ghost_hive,
          enter_bailey_8, kennysheep_generic_room_11, uniq_maurice
D:9:      layout_basic, old_standard_altar, minmay_overflow_temple_hex,
          gammafunk_ghost_wrathful_warriors
D:10:     layout_cave_pools, mainiacjoe_overflow_alcove_2, david_orc_1_choice,
          uniq_grum
D:11:     gammafunk_indiana_jones, layout_loops_ring,
          ebering_ghost_disaster_area
Orc:1:    layout_caves
Orc:2:    pf_orc_diabolical, layout_caves, nicolae_shop_self_help, uniq_snorg

Skill      XL: |  1  2  3  4  5  6  7  8  9 10 11 12 |
---------------+-------------------------------------+-----
Maces & Flails | 3 4 5 6 7 |  7.8
Dodging        | 3 4 5 6 7 |  7.8
Armour         | 1 2 3 5 6 7 |  7.2
Fighting       | 3 4 5 6 7 8 |  8.3
Invocations    | 5 12 15 | 15.2
Throwing       | |  1.7

Action                   |  1- 3 |  4- 6 |  7- 9 | 10-12 || total
-------------------------+-------+-------+-------+-------++-------
Melee: Flail             |   107 |   149 |   225 |    49 ||   530
       Kick              |       |       |    43 |   178 ||   221
       Whip              |       |       |       |   169 ||   169
       Unarmed           |       |       |       |     6 ||     6
       Dire flail        |       |       |       |   186 ||   186
Throw: Throwing net      |       |     1 |     2 |     3 ||     6
Invok: Draw Destruction  |       |       |       |    18 ||    18
       Draw Summoning    |       |       |       |     4 ||     4
       Draw Escape       |       |       |       |     3 ||     3
  Use: Scroll            |       |     9 |     4 |     6 ||    19
       Potion            |       |     1 |     2 |       ||     3
 Stab: Sleeping          |     2 |     2 |       |       ||     4
       Held in net/web   |       |       |     2 |     2 ||     4
Armor: Leather armour    |    29 |       |    27 |       ||    56
       Ring mail         |       |    32 |    29 |       ||    61
       Plate armour      |       |     6 |       |       ||     6
       Troll leather arm |       |       |       |    17 ||    17
       Scale mail        |       |       |       |    97 ||    97
Dodge: Dodged            |    89 |   110 |   174 |   275 ||   648
Block: Other             |       |    34 |    55 |    76 ||   165
       Reflection        |       |       |     1 |     1 ||     2
